 Dungeon Crawl Stone Soup version 0.31-a0-486-g8d68a81214 (webtiles) character file.

Game seed: 12506875756847708848

34 ytrimaz the Ruffian (level 3, -1/26 HPs)
             Began as a Demonspawn Shapeshifter on Aug 7, 2023.
             Slain by an adder (2 damage)
             ... on level 2 of the Dungeon.
             The game lasted 00:01:04 (1139 turns).

ytrimaz the Ruffian (Demonspawn Shapeshifter)       Turns: 1139, Time: 00:01:05

Health: -1/26      AC:  2    Str: 17    XL:     3   Next: 14%
Magic:  3/3        EV: 12    Int:  9    God:
Gold:   51         SH:  0    Dex: 13    Spells: 2/2 levels left

rFire   . .          .
                       - Unarmed
rCold   . . .        (no shield)
rNeg    . . .        a - +0 animal skin
rPois   .            (helmet currently unavailable)
rElec   .            (cloak currently unavailable)
rCorr   .            (gloves currently unavailable)
SInv    .            (boots currently unavailable)
Will    .....        (no amulet)
Stlth   +            g - ring of flight
HPRegen 0.24/turn    (no ring)
MPRegen 0.08/turn

%: no passive effects
@: lethally poisoned (-1 -> -6), beast-form, flying
A: beast (slay +2), ignite blood 1
a: Begin Untransformation


You were on level 2 of the Dungeon.
You were a hulking beast.
You visited 1 branch of the dungeon, and saw 2 of its levels.

You collected 51 gold pieces.


Innate Abilities, Weirdness & Mutations

You are a hulking beast.
Your limbs bulge with bestial killing power. (Slay +2)
Your demonic aura sometimes causes spilled blood to erupt in flames.


   Skills:
 - Level 1.0 Fighting
 - Level 1.7 Dodging
 * Level 3.5 Unarmed Combat
 + Level 3.0 Shapeshifting


You had 2 spell levels left.
You didn't know any spells.
Your spell library contained the following spells:

 Spells                   Type           Power      Damage    Failure   Level
 Ensorcelled Hibernation  Hex/Ice        0%         N/A       52%         2
 Passwall                 Tmut/Erth      0%         N/A       52%         2
 Swiftness                Air            0%         N/A       77%         3

Inventory:

Armour
 a - a +0 animal skin (worn)
 h - a +1 pair of gloves
   (You found it on level 1 of the Dungeon)
Jewellery
 d - an amulet of guardian spirit
   (You found it on level 1 of the Dungeon)
 g - a ring of flight (left hand)
   (You found it on level 1 of the Dungeon)
Talismans
 c - a beast talisman (active)
Scrolls
 f - a scroll of brand weapon {unknown}
Potions
 b - 2 potions of lignification
 e - a potion of curing {unknown}

Dungeon Overview and Level Annotations

Branches:
Dungeon (2/15) Zot: 10864

Altars:

#.. ♣♣ #.# # ♣. #.# ##$
P♣ #.# #.. #♣♣ ♣.###..
#... ##.♣♣ ..##.#
###...#####...♣♣♣♣♣.##.#
.........#..........##..
.....(Sh.'.......†.'....
.........#.........###..
#.#...#####.......## #..
.#... ##♣.♣♣.## ###
#.#.. ♣.♣P♣# #.### #..
♣♣♣(.P.♣ #.#
#.#♣♣.♣P♣.♣♣# #.#
#.#♣..♣..♣.P♣ #.#
#.#♣♣P...P♣.♣#####


You could see an adder.


Message History

You punch the jackal!
You kill the jackal!
You have reached level 3!
Your experience leads to an increase in your attributes!
Increase (S)trength, (I)ntelligence, or (D)exterity?
You feel stronger. x2 😎 HP[+5] MP[+1]
You now have 26 max hp (+5).
Your hp is fully restored (26).
Your mp is fully restored (3).
The jackal barks!
The jackal barely misses you.
You punch the jackal!
You kill the jackal!
You see here a jackal corpse.
Unknown command.
The jackal barks!
The jackal completely misses you. The jackal barely misses you.
You closely miss the jackal. The jackal misses you.
The jackal barely misses you.
You hit the jackal. The jackal closely misses you.
The jackal is engulfed in blazing flames.
You kill the jackal!
The jackal bites you but does no damage.
Unknown command.
You punch the jackal!
You kill the jackal!
No target in view!
Unknown command.
No target in view!
Key pressed, stopping explore.
A ball python comes into view.
A ball python is nearby!
A ball python is nearby!
A ball python is nearby!
You reach down and open the door.
The ball python hisses angrily.
There is an open door here.
You punch the ball python!
You kill the ball python!
Unknown command.
No target in view!
You see here a ball python corpse.
No target in view!
Key pressed, stopping explore.
Unknown command.
As you open the door, it creaks loudly!
You hear an angry hiss.
An adder comes into view.
An adder is nearby!
An adder is nearby!
There is an open door here.
The adder barely misses you.
You miss the adder. The adder bites you. x2 😕 HP[-5]
You take 5 damage, and now have 21/26 hp.
Unknown command.
You closely miss the adder. The adder closely misses you.
You barely miss the adder. The adder closely misses you.
You miss the adder. The adder barely misses you. 😕 HP[+1]
You closely miss the adder. The adder bites you.
You are poisoned.
The adder poisons you! 😕 HP[-1]
You take 1 damage, and now have 21/26 hp.
You barely miss the adder.
You feel sick. The adder bites you.
You are more poisoned.
The adder poisons you! The adder closely misses you. 😮 HP[-4]
You take 4 damage, and now have 17/26 hp.
You are too injured to fight recklessly!
You closely miss the adder.
You feel very sick. The adder barely misses you. 😮 HP[-3]
You take 3 damage, and now have 14/26 hp.
You barely miss the adder.
You feel sick. The adder bites you.
* * * LOW HITPOINT WARNING * * *
You are more poisoned.
The adder poisons you! 😨 HP[-2]
You take 2 damage, and now have 12/26 hp.
You closely miss the adder.
* * * LOW HITPOINT WARNING * * *
You feel very sick. The adder bites you.
* * * LOW HITPOINT WARNING * * *
😨 HP[-5]
You take 5 damage, and now have 7/26 hp.
You hit the adder.
* * * LOW HITPOINT WARNING * * *
You feel sick. The adder bites you.
* * * LOW HITPOINT WARNING * * *
The adder barely misses you. 😱 HP[-4]
You take 4 damage, and now have 3/26 hp.
Unknown command.
You hit the adder.
* * * LOW HITPOINT WARNING * * *
You feel sick. The adder bites you.
You die...

Skill      XL: |  1  2 |
---------------+-------+-----
Unarmed Combat | 3 |  3.5
Shapeshifting  | 3 |  3.0
Fighting       | |  1.0
Dodging        | |  1.7

Action                     || total
---------------------------++-------
  Melee: Unarmed           ||    73
 Armour: Animal skin       ||    13
  Dodge: Dodged            ||    48

Levels and vault maps discovered:
D:1:      roderic_dead_forest, layout_loops_ring
D:2:      layout_loops_corners, serial_forest, infiniplex_forest_3_way,
          infiniplex_forest_lined_3_way, infiniplex_forest_end_2,
          infiniplex_forest_lined_3, infiniplex_forest_diagonal,
          infiniplex_forest_clump_curved

Notes
Turn   | Place    | Note
-------+----------+-------------------------------------------
     0 | D:1      | ytrimaz the Demonspawn Shapeshifter began the quest for the
                  | Orb.
     0 | D:1      | Reached XP level 1. HP: 15/15 MP: 1/1
     0 | D:1      | magus.rc [v1.9.6]
   207 | D:1      | Reached skill level 3 in Unarmed Combat
   213 | D:1      | Gained mutation: Your demonic aura sometimes causes spilled
                  | blood to erupt in flames. [demonic ancestry]
   213 | D:1      | Reached XP level 2. HP: 16/21 MP: 2/2
   621 | D:1      | You pick up a book of Burglary and begin reading...
   621 | D:1      | You add the spells Passwall, Ensorcelled Hibernation and
                  | Swiftness to your library.
   989 | D:2      | Reached skill level 3 in Shapeshifting
  1074 | D:2      | Reached XP level 3. HP: 26/26 MP: 3/3
  1138 | D:2      | HP: 6/26 [poisoned by an adder]
  1139 | D:2      | HP: 1/26 [poisoned by an adder]
  1139 | D:2      | Slain by an adder

Vanquished Creatures
  A worm (D:2)
  3 endoplasms (D:1)
  3 goblins (D:1)
  3 hobgoblins (D:1)
  4 jackals (D:2)
  3 kobolds
  2 quokkas (D:2)
  3 ball pythons
  4 bats
  A frilled lizard (D:1)
  A rat (D:1)
28 creatures vanquished.

Table legend:
 A = Non-vault XP
 B = Vault XP
 C = Vault XP percentage of total XP
 D = Non-vault monster count
 E = Vault monster count
 F = Vault count percentage of total count
                 A         B        C        D         E       F
            +---------+---------+-------+---------+---------+-------
      Total |      49 |       0 |   0.0 |      28 |       0 |   0.0
            +---------+---------+-------+---------+---------+-------
        D:1 |      27 |       0 |   0.0 |      17 |       0 |   0.0
        D:2 |      22 |       0 |   0.0 |      11 |       0 |   0.0
            +---------+---------+-------+---------+---------+-------

Skill      XL: |  1  2 |
---------------+-------+-----
Unarmed Combat | 3 |  3.5
Shapeshifting  | 3 |  3.0
Fighting       | |  1.0
Dodging        | |  1.7

Action                     || total
---------------------------++-------
  Melee: Unarmed           ||    73
 Armour: Animal skin       ||    13
  Dodge: Dodged            ||    48

Illustrated notes

Table legend:
 A = Kills in this place as a percentage of kills in the entire game.
 B = Kills by you in this place as a percentage of kills by you in the entire game.
 C = Kills by friends in this place as a percentage of kills by friends in the entire game.
 D = Other kills in this place as a percentage of other kills in the entire game.
 E = Experience gained in this place as a percentage of experience gained in the entire game.
 F = Experience gained in this place divided by the number of levels of this place that you have seen.
                   A       B       C       D       E      F
               +-------+-------+-------+-------+-------+----------------------
         Total | 100.0 | 100.0 |   N/A |   N/A | 100.0 |  24.5
       Dungeon | 100.0 | 100.0 |   N/A |   N/A | 100.0 |  24.5
               +-------+-------+-------+-------+-------+----------------------

Table legend: (Time is in decaauts)
 A = Elapsed time spent in this place.
 B = Non-inter-level travel time spent in this place.
 C = Inter-level travel time spent in this place.
 D = Time resting spent in this place.
 E = Time spent auto-exploring this place.
 F = Levels seen in this place.
 G = Mean time per level.
                   A        B        C        D        E       F      G
               +--------+--------+--------+--------+--------+-----+--------+
         Total |   1134 |   1120 |     14 |      0 |    886 |   2 |  567.0 |
       Dungeon |   1134 |   1120 |     14 |      0 |    886 |   2 |  567.0 |
               +--------+--------+--------+--------+--------+-----+--------+

Top non-repeatable levels by time:
     D:1: 732 daAuts
     D:2: 402 daAuts
